 Dungeon Crawl Stone Soup version 0.19-a0-1041-g82b1012 (console) character file.

462 flowsnake the Covered (level 7, -2/44 HPs)
             Began as a Gargoyle Fighter on July 30, 2016.
             Was a Follower of Okawaru.
             Slain by a gnoll
             ... wielding a +0 halberd
              (9 damage)
             ... on level 4 of the Dungeon.
             The game lasted 00:14:36 (2917 turns).

flowsnake the Covered (Gargoyle Fighter)            Turns: 2917, Time: 00:14:37

Health: -2/44      AC: 13    Str: 22    XL:     7   Next: 7%
Magic:  7/7        EV:  8    Int:  8    God:    Okawaru [*.....]
Gold:   92         SH: 10    Dex: 12    Spells: 0 memorised, 6 levels left

rFire  . . .     SeeInvis .     b - +2 short sword (venom)
rCold  + . .     Gourm    .     m - +0 scale mail
rNeg   + . .     Faith    .     c - +0 shield
rPois  ∞         Spirit   .     s - +0 helmet (curse)
rElec  +         Dismiss  +     (no cloak)
rCorr  .         Reflect  .     (no gloves)
SustAt .         Harm     .     (no boots)
MR     .....                    p - amulet of dismissal
Stlth  ..........               j - ring of protection from cold
                                i - +3 ring of dexterity

@: flying, not resistant to hostile enchantments, extremely unstealthy
A: negative energy resistance 1, electricity resistance, unbreathing,
petrification resistance, rot immunity, AC +4
a: Heroism, Renounce Religion


You were on level 4 of the Dungeon.
You worshipped Okawaru.
Okawaru was aware of your devotion.
You were not hungry.

You visited 2 branches of the dungeon, and saw 5 of its levels.

You collected 92 gold pieces.

Inventory:

Hand Weapons
 a - a +2 mace of protection
 b - a +2 short sword of venom (weapon)
 v - a +1 flail
Armour
 c - a +0 shield (worn)
 m - a +0 scale mail (worn)
 s - a cursed +0 helmet (worn)
Jewellery
 h - an uncursed amulet of magic regeneration
 i - a +3 ring of dexterity (left hand)
 j - a ring of protection from cold (right hand)
 p - an amulet of dismissal (around neck)
Wands
 n - a wand of iceblast (7/15)
Scrolls
 q - a scroll of remove curse
 w - a scroll of identify
Potions
 d - a potion of might
 e - 3 potions of cure mutation
 k - a potion of lignification
 o - a potion of curing {unknown}
 r - a potion of brilliance {unknown}
 t - a potion of haste {unknown}
 x - a potion of flight
Comestibles
 f - 2 bread rations
 g - a slice of pizza
 l - 2 meat rations
 u - 9 chunks of flesh


   Skills:
 + Level 4.3 Fighting
 + Level 3.7 Maces & Flails
 + Level 5.5 Armour
 - Level 0.2 Dodging
 + Level 1.4 Stealth
 + Level 5.2 Shields


You had 6 spell levels left.
You didn't know any spells.

Dungeon Overview and Level Annotations

Branches:
Dungeon (4/15)             Temple (1/1) D:4

Altars:
Cheibriados
Dithmenos
Elyvilon
Kikubaaqudgha
Makhleb
Nemelex Xobeh
Okawaru
Pakellas
Qazlal
Ru
Sif Muna
Trog
Uskayaw
Vehumet
Yredelemnul
Zin
The Shining One


Innate Abilities, Weirdness & Mutations

You are resistant to torment.
Your stone body is resilient. (AC +4)
You are immune to poison.
You resist negative energy. (rN+)
You are resistant to electric shocks. (rElec)
You can survive without breathing.
You are immune to petrification.
You are immune to rotting.


Message History

You closely miss the gnoll.
The gnoll is moderately wounded.
You block the gnoll's attack. The gnoll barely misses you.
You closely miss the gnoll.
The gnoll is moderately wounded.
The gnoll hits you with a spear.
* * * LOW HITPOINT WARNING * * *
You block the gnoll's attack.
You barely miss the gnoll.
The gnoll is moderately wounded.
The gnoll closely misses you. The gnoll hits you but does no damage.
You fail to use your ability.
The gnoll barely misses you. You block the gnoll's attack.
You closely miss the gnoll.
The gnoll is moderately wounded.
The gnoll barely misses you.
It was a potion of flight.
You feel very buoyant.
You fly up into the air.
The gnoll hits you from afar with a halberd!
You die...

▓·▓·▓▓▓▓▓▓▓▓▓▓▓▓▓▓▓ ▓·▓·▓ ▓▓▓▓▓▓▓▓▓·▓·▓
▓·········▓·▓ ▓▓▓▓▓▓·········▓·▓
▓····▲·········▓·▓ ▓·▓▓▓▓·········█·▓ ▓·▓
▓·········█·▓ ▓·▓ ▓···········▓ ▓·▓
▓···········▓ ██ ▓·▓ ▓···········█████ ·█
▓·▓ ▓···············▓
·██████▓▓▓▓▓▓▓▓▓▓▓▓▓▓▓▓·▓ ▓··········█g·█·▓
···········>··········▓▲▓▓▓▓▓▓▓▓▓▓▲▓▓·█g█▓·▓
············<················▓ ▓·▓▓·█9█▓·▓
·····························▓ ▓····█·██·▓
··················▓▓▓········▓▓▓▓▓····█··█·▓
··················▓ ▓▓▓·············▓·██·█·▓
·██████▓▓▓▓▓▓▓▓▓▓▓▓▓▓▓▓▓▓▓▓▓▓▓▓▓▓▓▓▓▓·▓█·█·▓
·█ ▓···················▓█·█·▓ ·█
▓·▓▓▓▓▓▓··········▓▓▓█†█·▓ ·█▓▓▓▓▓▓▓
▓·▓···············▓ █·█·▓ ········███
▓·█·▓▓▓▓··········▓▓ █·█·▓ █·········█ █·█·▓
▓▓·▓▓·······▓ █·█·▓ █·········█
█·█·█████▲██>······▓ █·█·▓ █·········█
█··················▓ █·█·▓ █·········█
█··················▓ █·█·▓ █·········█
█··················▓ █·█·▓ ··········█
████··················▓ █·█·▓


You could see 2 gnolls.

Vanquished Creatures
  2 ogres
  An orc priest (D:3)
  A gnoll shaman (D:4)
  3 orc wizards (D:4)
  A worker ant (D:4)
  3 gnolls (D:4)
  3 adders
  2 oozes
  A worm (D:3)
  3 dart slugs
  2 giant geckos
  9 orcs
  2 ball pythons
  6 bats
  6 giant cockroaches
  5 kobolds
  5 giant newts
  5 rats
60 creatures vanquished.

Vanquished Creatures (others)
  A rat (D:3)
1 creature vanquished.

Grand Total: 61 creatures vanquished

Notes
Turn   | Place    | Note
-------+----------+-------------------------------------------
     0 | D:1      | flowsnake the Gargoyle Fighter began the quest for the Orb.
     0 | D:1      | Reached XP level 1. HP: 14/14 MP: 1/1
   205 | D:1      | Reached XP level 2. HP: 19/19 MP: 2/2
   846 | D:2      | Reached XP level 3. HP: 23/23 MP: 3/3
   930 | D:2      | Found a glowing golden altar of the Shining One.
  1322 | D:3      | Noticed an ogre
  1546 | D:3      | Killed an ogre
  1546 | D:3      | Reached skill level 1 in Stealth
  1546 | D:3      | Reached XP level 4. HP: 9/29 MP: 4/4
  1546 | D:3      | Reached XP level 5. HP: 10/33 MP: 5/5
  1890 | D:3      | Found a white marble altar of Elyvilon.
  2268 | D:4      | Found a staircase to the Ecumenical Temple.
  2274 | Temple   | Entered the Ecumenical Temple
  2489 | Temple   | Became a worshipper of Warmaster Okawaru
  2694 | D:4      | Noticed an ogre
  2718 | D:4      | Killed an ogre
  2718 | D:4      | Reached XP level 6. HP: 38/38 MP: 6/6
  2784 | D:4      | Reached skill level 5 in Armour
  2784 | D:4      | Reached skill level 5 in Shields
  2796 | D:4      | Reached * piety under Okawaru
  2893 | D:4      | Reached XP level 7. HP: 40/44 MP: 7/7
  2917 | D:4      | Slain by a gnoll

Vault maps used:
D:1:      dpeg_arrival_tiny_a, serial_park_tiny_1, grunt_decor_mini_mirrors,
          wad_floor_pattern_2, st_stairs_12, minmay_misc_feat_roman,
          grunt_decor_clamped
D:2:      lemuel_doored_altar
D:3:      elyvilon_altar_4
D:4:      first_bread
Temple:   regret_index_temple_generic_petals

Skill      XL: |  1  2  3  4  5  6 |
---------------+-------------------+-----
Armour         | 4 5 |  5.5
Stealth        | 1 |  1.4
Shields        | 4 5 |  5.2
Fighting       | 4 |  4.3
Maces & Flails | 3 |  3.7
Dodging        | |  0.2

Action                   |  1- 3 |  4- 6 |  7- 9 || total
-------------------------+-------+-------+-------++-------
Melee: Flail             |   115 |    25 |       ||   140
       Short sword       |     3 |    84 |    14 ||   101
       Mace              |       |     1 |       ||     1
  Use: Scroll            |     4 |     7 |       ||    11
       Potion            |       |       |     1 ||     1
  Eat: Chunk             |     1 |     1 |       ||     2
       Bread ration      |       |     1 |       ||     1
Armor: Scale mail        |    93 |    44 |     9 ||   146
Dodge: Dodged            |    38 |    24 |    11 ||    73
Block: Shield            |    62 |    31 |    21 ||   114
